 Dungeon Crawl Stone Soup version 0.32-a0-799-g95e1662365 (webtiles) character file.

Game seed: 7105800556247470728

43 smashvw the Shield-Bearer (level 3, -2/33 HPs)
             Began as a Mountain Dwarf Fighter on Mar 21, 2024.
             Slain by a gnoll
             ... wielding a +0 whip
              (5 damage)
             ... on level 1 of the Dungeon.
             The game lasted 00:03:41 (772 turns).

smashvw the Shield-Bearer (Mountain Dwarf Fighter)   Turns: 772, Time: 00:03:41

Health: -2/33      AC:  8    Str: 20    XL:     3   Next: 37%
Magic:  3/3        EV:  8    Int:  8    God:
Gold:   52         SH:  4    Dex:  9    Spells: 2/2 levels left

rFire   . . .        a - +0 trident
rCold   . . .        c - +0 buckler
rNeg    . . .        b - +0 scale mail
rPois   .            f - +0 helmet
rElec   .            (no cloak)
rCorr   .            (no gloves)
SInv    .            (no boots)
Will    .....        (no amulet) Stlth
                     (no ring)
HPRegen 0.25/turn    (no ring)
MPRegen 0.08/turn

%: no passive effects
@: mighty
A: runic magic, artefact enchanting
a: no special abilities


You were on level 1 of the Dungeon.
You visited 1 branch of the dungeon, and saw 2 of its levels.

You collected 52 gold pieces.

Inventory:

Hand Weapons
 a - a +0 trident (weapon)
Armour
 b - a +0 scale mail (worn)
 c - a +0 buckler (worn)
 f - a +0 helmet (worn)
 j - a +0 pair of gloves
Scrolls
 e - a scroll of enchant weapon {unknown}
 g - 2 scrolls of vulnerability {unknown}
 i - a scroll of identify {unknown}
Potions
 h - a potion of enlightenment {unknown}


   Skills:
 + Level 3.6 Fighting
 * Level 2.8 Polearms
 - Level 3.2 Armour
 * Level 4.0 Shields


You had 2 spell levels left.
You didn't know any spells.
Your spell library was empty.

Dungeon Overview and Level Annotations

Branches:
Dungeon (2/15)

Altars:


Innate Abilities, Weirdness & Mutations

Your spellcasting is much less encumbered by armour.
You can use scrolls of enchantment on lesser artefacts.


Message History

You hit the gnoll but do no damage. The gnoll hits you with a +0 whip.
The gnoll hits you with a +0 flail. The gnoll attacks as it pursues you!
You block the gnoll's attack. The gnoll attacks as it pursues you!
The gnoll barely misses you. The gnoll hits you with a +0 whip.
The gnoll attacks as it pursues you! The gnoll closely misses you.
There is a stone staircase leading up here.
The gnoll hits you with a +0 whip. x2
You climb upwards.
There is a stone staircase leading down here.
You hit the gnoll.
The gnoll is lightly wounded.
The gnoll hits you with a +0 whip. You block the gnoll's attack.
You barely miss the gnoll.
The gnoll is lightly wounded.
The gnoll barely misses you. You block the gnoll's attack.
The gnoll hits you with a +0 whip.
* * * LOW HITPOINT WARNING * * *
The gnoll hits you but does no damage.
You hit the gnoll.
The gnoll is lightly wounded.
The gnoll completely misses you. The gnoll closely misses you.
You puncture the gnoll!
The gnoll is almost dead.
The gnoll hits you but does no damage. You block the gnoll's attack.
You closely miss the gnoll.
The gnoll is almost dead.
The gnoll hits you with a +0 whip!
* * * LOW HITPOINT WARNING * * *
You block the gnoll's attack.
You closely miss the gnoll.
The gnoll is almost dead.
The gnoll hits you but does no damage. You block the gnoll's attack.
The gnoll hits you but does no damage.
Sorry, you're not good enough to have a special ability.
Okay, then.
Sorry, you're not good enough to have a special ability.
You feel very mighty all of a sudden. The gnoll hits you with a +0 whip.
You die...

############## ##.....##.....##
##..............##
#................#
#................#
#................#
#.@..............#
#g.g.............#
#................#
##..............###
#################......#........#
....................##.########..
†###########.#####......)....####
.## #.##..........#.#..... ..#
#######.##..........#..#####


You could see 2 gnolls.

Vanquished Creatures
  2 gnolls
  3 ball pythons (D:1)
  3 endoplasms
  A giant cockroach (D:1)
  A goblin (D:1)
  3 hobgoblins (D:1)
  2 bats
  2 frilled lizards
  4 kobolds
  2 rats (D:1)
23 creatures vanquished.

Notes
Turn   | Place    | Note
-------+----------+-------------------------------------------
     0 | D:1      | smashvw the Mountain Dwarf Fighter began the quest for the
                  | Orb.
     0 | D:1      | Reached XP level 1. HP: 19/19 MP: 1/1
   126 | D:1      | Reached XP level 2. HP: 26/26 MP: 2/2
   593 | D:1      | Reached XP level 3. HP: 26/31 MP: 3/3
   754 | D:2      | Reached skill level 4 in Shields
   772 | D:1      | Slain by a gnoll

Illustrated notes

Levels and vault maps discovered:
D:1:      roderic_crossed_star, layout_rooms, kennysheep_small_spiral,
          minmay_pentomino_t4
D:2:      layout_loops_ring, st_stairs_10, uniq_jessica

Skill      XL: |  1  2  3 |
---------------+----------+-----
Shields        | 4 |  4.0
Fighting       | |  3.6
Polearms       | |  2.8
Armour         | |  3.2

Action                     || total
---------------------------++-------
  Melee: Trident           ||    75
    Use: Potion            ||     1
 Armour: Scale mail        ||    46
  Dodge: Dodged            ||    20
  Block: Buckler           ||    19

Table legend: (Time is in decaauts)
 A = Elapsed time spent in this place.
 B = Non-inter-level travel time spent in this place.
 C = Inter-level travel time spent in this place.
 D = Time resting spent in this place.
 E = Time spent auto-exploring this place.
 F = Levels seen in this place.
 G = Mean time per level.
                   A        B        C        D        E       F      G
               +--------+--------+--------+--------+--------+-----+--------+
         Total |    788 |    763 |     25 |      0 |    535 |   2 |  394.0 |
       Dungeon |    788 |    763 |     25 |      0 |    535 |   2 |  394.0 |
               +--------+--------+--------+--------+--------+-----+--------+

Top non-repeatable levels by time:
     D:1: 724 daAuts
     D:2: 63 daAuts
